 Dungeon Crawl Stone Soup version 0.30.0-20-g3b4254fcbd (webtiles) character file.

Game seed: 6317216138804393595

1778 Graphine the Covered (level 8, -7/74 HPs)
             Began as an Armataur Fighter on June 2, 2023.
             Was a Follower of Wu Jian.
             Mangled by a sixfirhy (11 damage)
             ... on level 7 of the Dungeon.
             The game lasted 00:12:14 (5185 turns).

Graphine the Covered (Armataur Fighter)             Turns: 5185, Time: 00:12:15

Health: -7/74      AC: 11    Str: 31    XL:     8   Next: 81%
Magic:  8/8        EV: 11    Int:  7    God:    Wu Jian [*.....]
Gold:   284        SH: 10    Dex: 10    Spells: 7/7 levels left

rFire   . . .        e - +2 morningstar (flame)
rCold   . . .        c - +0 buckler
rNeg    . . .        s - +0 plate armour
rPois   .            (helmet restricted)
rElec   .            (no cloak)
rCorr   +            (no gloves)
SInv    +            (no barding)
Will    .....        p - amulet of reflection Stlth
                     k - ring of resist corrosion
HPRegen 0.32/turn    v - +5 ring of evasion
MPRegen 0.11/turn

%: reflection, roll
@: hasted, very quick
A: large, rugged brown scales 3, deformed body, armoured tail, roll, long
tongue, awkward tongue, horns 1, thin skeletal structure 1, see invisible,
strong 2, wild magic 1, sturdy frame 1
a: Renounce Religion


You were on level 7 of the Dungeon.
You worshipped Wu Jian.
Wu Jian was aware of your devotion.
You visited 1 branch of the dungeon, and saw 7 of its levels.

You collected 284 gold pieces.

Inventory:

Hand Weapons
 a - a +1 flail
 e - a +2 morningstar of flaming (weapon)
 q - a +3 short sword
Missiles
 t - a throwing net (quivered)
Armour
 c - a +0 buckler (worn)
 g - a +2 leather armour of fire resistance
 m - a +1 helmet
 r - a +2 hat
 s - a +0 plate armour (worn)
 w - the scarf of Eczukoju {repulsion, Dex+3}
   (You found it on level 6 of the Dungeon)

   Dex:       It affects your dexterity (+3).
 B - +0 acid dragon scales
Jewellery
 k - a ring of resist corrosion (left hand)
 p - an amulet of reflection (around neck)
 v - a +5 ring of evasion (right hand)
 C - a ring of fire
Wands
 f - a wand of iceblast (4)
Scrolls
 b - a scroll of teleportation
 h - a scroll of torment
 j - a scroll of amnesia
 x - 2 scrolls of magic mapping {unknown}
 y - a scroll of silence {unknown}
 A - a scroll of fog
Potions
 i - a potion of berserk rage
 n - a potion of heal wounds
 o - 3 potions of curing
 u - a potion of flight {unknown}


   Skills:
 + Level 5.8 Fighting
 + Level 5.4 Maces & Flails
 + Level 7.7 Armour
 + Level 7.1 Shields


You had 7 spell levels left.
You didn't know any spells.
Your spell library contained the following spells:

 Spells                   Type           Power      Damage    Failure   Level
 Magic Dart               Conj           0%         1d3       97%         1
 Slow                     Hex            0%         N/A       97%         1
 Sting                    Tmut/Pois      0%         1d3       97%         1
 Summon Small Mammal      Summ           0%         N/A       97%         1
 Call Imp                 Summ           0%         N/A       99%         2
 Lesser Beckoning         Tloc           0%         N/A       99%         2
 Poisonous Vapours        Pois/Air       0%         N/A       99%         2
 Call Canine Familiar     Summ           0%         N/A       100%        3
 Confusing Touch          Hex            0%         N/A       100%        3
 Gell's Gravitas          Tloc           0%         N/A       100%        3
 Mephitic Cloud           Conj/Pois/Air  0%         N/A       100%        3
 Summon Guardian Golem    Hex/Summ       0%         N/A       100%        3
 Teleport Other           Tloc           0%         N/A       100%        3
 Vampiric Draining        Necr           0%         2d6       100%        3
 Olgreb's Toxic Radiance  Pois           0%         N/A       100%        4


Dungeon Overview and Level Annotations

Branches:
Dungeon (7/15)
 Temple: D:4-7

Altars:
Elyvilon
Hepliaklqana
Uskayaw
Wu Jian


Innate Abilities, Weirdness & Mutations

You are completely covered in rugged brown scales. (AC +3, +7% HP)
Armour fits poorly on your strangely shaped body.
You have a long armoured tail.
You roll when moving toward enemies. (Rampage)
Your long tongue fully drains potion bottles. (2x potion effects)
Your tongue gives you trouble enunciating. (1.5x scroll delay)
You have a pair of small horns on your head.
You have a somewhat thin skeletal structure. (Dex +2, Stealth+)
You have supernaturally acute eyesight. (SInv)
Your muscles are very strong. (Str +8, Int/Dex -2)
Your spells are a little harder to cast, but a little more powerful.
Your movements are slightly less encumbered by armour. (ER -2)


Message History

You block the sixfirhy's attack. x2
You closely miss the sixfirhy. You completely miss the sixfirhy.
You headbutt the sixfirhy.
Your tail-slap misses the sixfirhy.
The sixfirhy is lightly wounded.
You closely miss the sixfirhy.
Your tail-slap misses the sixfirhy.
You miss the sixfirhy. The sixfirhy hits you. The sixfirhy shocks you!
The sixfirhy misses you. You block the sixfirhy's attack.
You hit the sixfirhy. You burn the sixfirhy. Your headbutt misses the sixfirhy.
The sixfirhy is lightly wounded.
The sixfirhy hits you but does no damage.
You block the sixfirhy's attack. x3
You miss the sixfirhy. Your headbutt misses the sixfirhy.
The sixfirhy is lightly wounded.
The sixfirhy hits you. The sixfirhy shocks you!
* * * LOW HITPOINT WARNING * * *
Okay, then.
Okay, then.
You feel much better.
You slurp down every last drop of the potion of heal wounds!
You miss the sixfirhy.
Your tail-slap misses the sixfirhy.
The sixfirhy is lightly wounded.
You closely miss the sixfirhy. The sixfirhy barely misses you.
You bludgeon the sixfirhy!! You burn the sixfirhy!
Your tail-slap misses the sixfirhy.
The sixfirhy is almost dead.
The sixfirhy hits you. The sixfirhy shocks you!
You block the sixfirhy's attack. The sixfirhy hits you!
The sixfirhy shocks you!
You barely miss the sixfirhy. Your headbutt misses the sixfirhy.
The sixfirhy is almost dead.
You block the sixfirhy's attack. The sixfirhy hits you.
* * * LOW HITPOINT WARNING * * *
The sixfirhy shocks you!
* * * LOW HITPOINT WARNING * * *
You block the sixfirhy's attack. x2
The sixfirhy attacks as you move away! The sixfirhy hits you.
* * * LOW HITPOINT WARNING * * *
The sixfirhy shocks you!
You die...

#.<...†..........###
.......#........##.###..
##..#..#.†.............#
#.###†....#.###......#
#.. ##..............##
... .#...##..........
#... .....##........#.
..#.......#...###...#
#..........#3@...##
........#[.###....##.
......##.............
.#...>..#.......#...
##.............# ##
.................#
##.#.........##..#
#..#.....##### .##
#........# #


You could see a sixfirhy.

Vanquished Creatures
  Maggie (D:6)
  Grinder (D:3)
  A steam dragon (D:6)
  A water moccasin (D:5)
  A sky beast (D:3)
  A black bear (D:2)
  A centaur (D:6)
  3 scorpions
  An orc priest (D:3)
  8 hounds
  Terence (D:3)
  2 iguanas (D:5)
  3 orc wizards
  7 gnolls
  5 adders
  A white imp (D:6)
  2 worms
  3 dart slugs
  16 orcs
  8 bats
  7 endoplasms
  4 giant cockroaches
  11 goblins
  5 hobgoblins
  3 jackals (D:2)
  2 quokkas
  4 ball pythons
  2 frilled lizards (D:1)
  5 kobolds
  6 rats
116 creatures vanquished.

Notes
Turn   | Place    | Note
-------+----------+-------------------------------------------
     0 | D:1      | Graphine the Armataur Fighter began the quest for the Orb.
     0 | D:1      | Reached XP level 1. HP: 19/19 MP: 1/1
   177 | D:1      | Reached XP level 2. HP: 25/26 MP: 2/2
   343 | D:1      | Reached XP level 3. HP: 33/33 MP: 3/3
   827 | D:2      | Noticed a black bear
   837 | D:2      | Killed a black bear
   838 | D:2      | Reached XP level 4. HP: 26/40 MP: 4/4
   862 | D:2      | Reached XP level 5. HP: 39/48 MP: 5/5
  1343 | D:2      | Gained mutation: You are robust. (+10% HP) [potion of
                  | mutation]
  1343 | D:2      | Gained mutation: You are agile. (Dex +4, Str/Int -1)
                  | [potion of mutation]
  1343 | D:2      | Gained mutation: You are very robust. (+20% HP) [potion of
                  | mutation]
  1343 | D:2      | Gained mutation: You occasionally lose the ability to drink
                  | potions when taking damage. [potion of mutation]
  1343 | D:2      | Gained mutation: Your spells are a little harder to cast,
                  | but a little more powerful. [potion of mutation]
  1501 | D:3      | Found an ornate altar of the Wu Jian Council.
  1530 | D:3      | Became a worshipper of the Wu Jian Council
  1640 | D:3      | Noticed Terence
  1645 | D:3      | Killed Terence
  1767 | D:3      | Noticed a sky beast
  1784 | D:3      | Killed a sky beast
  1785 | D:3      | Reached skill level 5 in Armour
  1785 | D:3      | Reached XP level 6. HP: 53/66 MP: 6/6
  1836 | D:3      | Found a faded altar of an unknown god.
  1867 | D:3      | Found a white marble altar of Elyvilon.
  2252 | D:3      | Noticed Grinder
  2276 | D:3      | Killed Grinder
  2277 | D:3      | Reached skill level 5 in Shields
  2277 | D:3      | Reached XP level 7. HP: 24/76 MP: 7/7
  2685 | D:3      | Found a hide-covered altar of Uskayaw.
  2685 | D:3      | Found a hazy altar of Hepliaklqana.
  3132 | D:4      | Identified the +0 scale mail "Relliol" {rC++ rN+ MP-9}
  3165 | D:4      | Reached * piety under Wu Jian
  3784 | D:5      | Entered Level 5 of the Dungeon
  4104 | D:5      | Reached XP level 8. HP: 85/85 MP: 8/8
  4105 | D:5      | Reached skill level 5 in Fighting
  4538 | D:6      | Identified the scarf of Eczukoju {repulsion, Dex+3}
  4764 | D:6      | Reached skill level 5 in Maces & Flails
  4819 | D:6      | Noticed Maggie
  4832 | D:6      | Killed Maggie
  5139 | D:7      | Found a runed translucent door.
  5141 | D:7      | Noticed a sixfirhy
  5164 | D:7      | Lost mutation: You are very robust. (+20% HP) [potion of
                  | mutation]
  5164 | D:7      | Lost mutation: You are agile. (Dex +4, Str/Int -1) [potion
                  | of mutation]
  5164 | D:7      | Lost mutation: You occasionally lose the ability to drink
                  | potions when taking damage. [potion of mutation]
  5164 | D:7      | Lost mutation: You are robust. (+10% HP) [potion of
                  | mutation]
  5164 | D:7      | Gained mutation: You have supernaturally acute eyesight.
                  | (SInv) [potion of mutation]
  5164 | D:7      | Gained mutation: Your movements are slightly less
                  | encumbered by armour. (ER -2) [potion of mutation]
  5164 | D:7      | Gained mutation: You have a pair of small horns on your
                  | head. [potion of mutation]
  5164 | D:7      | Gained mutation: Your muscles are strong. (Str +4, Int/Dex
                  | -1) [potion of mutation]
  5164 | D:7      | Gained mutation: Your muscles are very strong. (Str +8,
                  | Int/Dex -2) [potion of mutation]
  5164 | D:7      | Gained mutation: You have a somewhat thin skeletal
                  | structure. (Dex +2, Stealth+) [potion of mutation]
  5185 | D:7      | Mangled by a sixfirhy

Illustrated notes

Levels and vault maps discovered:
D:1:      onia_arrival_pyramid, layout_basic
D:2:      layout_loops_ring
D:3:      layout_basic, mainiacjoe_overflow_alcove_1,
          nicolae_overflow_two_pavilions, old_standard_altar,
          hellmonk_ecumenical_altar_inner_sanctum,
          chequers_serial_rivers_room_b, grunt_ministairs_12, uniq_terence,
          uniq_grinder
D:4:      layout_basic, minmay_puff
D:5:      layout_basic
D:6:      layout_cave_pools, uniq_maggie
D:7:      cheibrodos_shockbox, layout_cave_pools, minmay_temple_entry_slanted,
          kennysheep_small_spiral

Skill      XL: |  1  2  3  4  5  6  7  8 |
---------------+-------------------------+-----
Maces & Flails | 2 3 4 5 |  5.4
Fighting       | 3 4 5 |  5.8
Armour         | 4 5 6 7 |  7.7
Shields        | 4 5 6 7 |  7.1

Action                     |  1- 3 |  4- 6 |  7- 9 || total
---------------------------+-------+-------+-------++-------
  Melee: Flail             |   106 |   103 |   187 ||   396
         Tailslap          |     9 |    19 |    29 ||    57
         Morningstar       |       |       |    18 ||    18
         Headbutt          |       |       |     1 ||     1
Ability: Whirlwind         |       |       |     8 ||     8
    Use: Potion            |     1 |     1 |     5 ||     7
         Scroll            |       |     9 |     4 ||    13
   Stab: Sleeping          |       |     2 |       ||     2
         Distracted        |       |     1 |       ||     1
 Armour: Scale mail        |    39 |       |       ||    39
         Leather armour    |    54 |    52 |    26 ||   132
         Plate armour      |       |       |    63 ||    63
         Skin              |       |       |     1 ||     1
  Dodge: Dodged            |    62 |    33 |    58 ||   153
  Block: Buckler           |    27 |    16 |   115 ||   158
         Reflection        |       |       |     9 ||     9
